 Dungeon Crawl Stone Soup version 0.21.1-1-g345015f (webtiles) character file.

98 chlorine the Shooter (level 4, -4/38 HPs)
             Began as a Centaur Hunter on Mar 25, 2018.
             Killed from afar by lorenzova's ghost (10 damage)
             ... with an orb of energy
             ... on level 3 of the Dungeon on Mar 26, 2018.
             The game lasted 00:32:00 (2981 turns).

chlorine the Shooter (Centaur Hunter)               Turns: 2981, Time: 00:32:01

Health: -4/38      AC:  6    Str: 14    XL:     4   Next: 43%
Magic:  4/4        EV:  9    Int: 10    God:
Gold:   85         SH:  0    Dex: 11    Spells: 3/3 levels left

rFire    . . .     SeeInvis .   a - +1 shortbow
rCold    . . .     Gourm    .   (shield currently unavailable)
rNeg     . . .     Faith    .   q - +0 ring mail
rPois    .         Spirit   .   i - +1 hat
rElec    .         Reflect  .   (no cloak)
rCorr    +         Harm     .   (no gloves)
MR       .....                  (no barding)
Stlth    ..........             (no amulet)
HPRegen  0.12/turn              t - ring of resist corrosion
MPRegen  0.09/turn              (no ring)

@: very quick
A: large, hooves 3, deformed body, speed 2, tough skin 3
a: no special abilities


You were on level 3 of the Dungeon.
You were hungry.

You visited 1 branch of the dungeon, and saw 3 of its levels.

You collected 85 gold pieces.

Inventory:

Hand Weapons
 a - a +1 shortbow (weapon)
 b - a +0 short sword
 g - a +0 dagger
 s - a +0 dagger
 u - a +0 dagger
 v - a +0 dagger
 y - a +0 hunting sling
Missiles
 d - 16 arrows (quivered)
 j - 119 stones
Armour
 c - a +0 leather armour
 i - a +1 hat (worn)
 q - a +0 ring mail (worn)
Jewellery
 t - a ring of resist corrosion (left hand)
Scrolls
 e - 2 scrolls of identify
 m - 3 scrolls of teleportation {unknown}
 p - 2 scrolls of remove curse {unknown}
 r - a scroll of enchant weapon {unknown}
 w - a scroll of enchant armour {unknown}
Potions
 h - a potion of curing {unknown}
 k - a potion of degeneration {unknown}
 l - a potion of might {unknown}
 n - 2 potions of heal wounds
 o - a potion of ambrosia {unknown}
 z - 2 potions of mutation {unknown}
Comestibles
 f - 5 rations
 x - 3 chunks of flesh


   Skills:
 - Level 3.0 Fighting
 - Level 1.0 Short Blades
 - Level 5.4 Bows
 + Level 1.6 Armour
 - Level 2.0 Dodging
 - Level 0.4 Stealth


You had 3 spell levels left.
You didn't know any spells.

Dungeon Overview and Level Annotations

Branches:
Dungeon (3/15)

Altars:
Ashenzari
Vehumet

Annotations:
D:3 lorenzova's ghost, amateur DECj


Innate Abilities, Weirdness & Mutations

You have hooves in place of feet.
Armour fits poorly on your strangely shaped body.
You cover ground very quickly.
You have extremely tough skin. (AC +3)


Message History

You hit the worm but do no damage. Your kick misses the worm.
Lorenzova's ghost (amateur Deep Elf Conjurer) comes into view.
Lorenzova's ghost turns its malevolent gaze towards you.
You hit the worm.
The worm is lightly wounded.
The worm bites you.
Save game and exit?
Level annotation: lorenzova's ghost, amateur DECj Welcome back, chlorine the Centaur Hunter.
Press ? for a list of commands and other information.
a - a +1 shortbow (weapon)
Lorenzova's ghost screams, "To die, to sleep, no more."
Lorenzova's ghost points at you and mumbles some strange words.
The magic dart hits you! Lorenzova's ghost casts a spell at you.
The orb of energy hits you!
* * * LOW HITPOINT WARNING * * *
Lorenzova's ghost points at you and mumbles some strange words.
The orb of energy hits you!
You die...

#.# #.#
###.# #(#
#r# #.#
#W#
#.#####.#
#.......#
###.....#
#.....#
#<....#
#.@#.##
#..#...
#..#.....
#..#.....#
#..#.....#
#..# ...#
#..# ...#


You could see lorenzova's ghost and a quokka.

Vanquished Creatures
  4 adders (D:2)
  2 worms
  A dart slug (D:1)
  A leopard gecko (D:2)
  3 hobgoblins
  8 jackals
  5 kobolds
  A quokka (D:2)
  A ball python (D:1)
  15 bats
  3 frilled lizards
  6 goblins
  2 rats
52 creatures vanquished.

Notes
Turn   | Place    | Note
-------+----------+-------------------------------------------
     0 | D:1      | chlorine the Centaur Hunter began the quest for the Orb.
     0 | D:1      | Reached XP level 1. HP: 17/17 MP: 1/1
   168 | D:1      | Reached XP level 2. HP: 23/25 MP: 2/2
  1236 | D:2      | Reached skill level 1 in Armour
  1236 | D:2      | Reached XP level 3. HP: 31/31 MP: 3/3
  2105 | D:2      | Reached XP level 4. HP: 38/38 MP: 4/4
  2151 | D:2      | Found a radiant altar of Vehumet.
  2324 | D:2      | Reached skill level 1 in Short Blades
  2819 | D:2      | Found a shattered altar of Ashenzari.
  2966 | D:3      | Noticed lorenzova's ghost (amateur DECj)
  2981 | D:3      | Killed from afar by lorenzova's ghost

Skill      XL: |  1  2  3  4 |
---------------+-------------+-----
Fighting       | 3 |  3.0
Armour         | 1 |  1.6
Dodging        | 2 |  2.0
Short Blades   | 1 |  1.0
Bows           | |  5.4
Stealth        | |  0.4

Action                   |  1- 3 |  4- 6 || total
-------------------------+-------+-------++-------
Melee: Short sword       |   125 |    39 ||   164
       Kick              |    20 |     8 ||    28
 Fire: Shortbow          |    16 |     5 ||    21
Throw: Stone             |    39 |     4 ||    43
  Use: Scroll            |       |     1 ||     1
  Eat: Ration            |     1 |       ||     1
       Chunk             |     1 |       ||     1
Armor: Leather armour    |    66 |     8 ||    74
       Ring mail         |       |    30 ||    30
Dodge: Dodged            |    73 |    43 ||   116
